 Dungeon Crawl Stone Soup version 0.25.1-2-g60ff931df9 (webtiles) character file.

Game seed: 5197037901403241253

35 DearestLeader the Digger (level 3, -4/19 HPs)
             Began as a Gargoyle Earth Elementalist on Sept 17, 2020.
             Slain by Crazy Yiuf
             ... wielding a +2 quarterstaff of chaos
              (6 damage)
             ... on level 2 of the Dungeon.
             The game lasted 00:03:44 (2237 turns).

DearestLeader the Digger (GrEE)                     Turns: 2237, Time: 00:03:45

Health: -4/19      AC:  6    Str: 11    XL:     3   Next: 35%
Magic:  6/6        EV: 12    Int: 16    God:
Gold:   125        SH:  0    Dex: 10    Spells: 5/6 levels left

rFire    + . .     SeeInvis +   e - +0 dagger
rCold    . . .     Gourm    .   (no shield)
rNeg     + . .     Faith    .   c - +0 robe
rPois    ∞         Spirit   .   i - +0 helmet
rElec    +         Reflect  .   (no cloak)
rCorr    .         Harm     .   (no gloves)
MR       .....                  (no boots)
Stlth    ++........             m - amulet of magic regeneration
HPRegen  0.06/turn              n - ring of see invisible
MPRegen  0.35/turn              g - ring of protection from fire

@: slowed, very slow
A: negative energy resistance 1, electricity resistance, unbreathing,
petrification resistance, rot immunity, AC +3
a: no special abilities


You were on level 2 of the Dungeon.
You were not hungry.

You visited 1 branch of the dungeon, and saw 2 of its levels.

You collected 125 gold pieces.

Inventory:

Hand Weapons
 e - a +0 dagger (weapon)
Missiles
 b - 54 stones (quivered)
Armour
 c - a +0 robe (worn)
 i - a +0 helmet (worn)
Jewellery
 g - a ring of protection from fire (right hand)
 h - an uncursed ring of stealth
 m - an amulet of magic regeneration (around neck)
 n - a ring of see invisible (left hand)
 r - an uncursed amulet of regeneration {unknown}
Scrolls
 f - 2 scrolls of remove curse
 j - a scroll of enchant weapon {unknown}
 k - 4 scrolls of identify {unknown}
 t - a scroll of amnesia {unknown}
Potions
 a - a potion of might {unknown}
 l - a potion of heal wounds {unknown}
 o - a potion of stabbing {unknown}
 p - a potion of magic {unknown}
 q - a potion of curing {unknown}
 s - a potion of mutation {unknown}
Comestibles
 d - 7 rations


   Skills:
 - Level 1.5 Dodging
 - Level 2.1 Stealth
 - Level 2.0 Spellcasting
   Level 0.7 Transmutations
 * Level 5.2 Earth Magic


You had 5 spell levels left.
You knew the following spells:

 Your Spells              Type           Power        Failure   Level  Hunger
a - Sandblast             Erth           ###...       2%          1    #......

Your spell library contained the following spells:

 Spells                   Type           Power        Failure   Level  Hunger
 Passwall                 Tmut/Erth      ##......     9%          2    ###....
 Stone Arrow              Conj/Erth      ##....       22%         3    ###....
 Petrify                  Tmut/Erth      ##......     52%         4    #####..
 Lee's Rapid Deconstruct  Erth           ###.......   54%         5    ######.


Dungeon Overview and Level Annotations

Branches:
Dungeon (2/15)

Altars:

Annotations:
D:2 Crazy Yiuf


Innate Abilities, Weirdness & Mutations

You are resistant to torment.
Your stone body is resilient. (AC +3)
You are immune to poison.
You resist negative energy. (rN+)
You are resistant to electric shocks. (rElec)
You can survive without breathing.
You are immune to petrification.
You are immune to rotting.


Message History

Aiming: Sandblast (safe; 2% risk of failure)
Press: ? - help, Shift-Dir - straight line, f/p - Crazy Yiuf
Aim: Crazy Yiuf, wielding a +2 quarterstaff of chaos and wearing a +0 cloak (moderately wounded)
Okay, then.
Crazy Yiuf says, "Buddy!
Key sanguine arga."
Crazy Yiuf cries, "You leg down broken song, no?"
There is a stone staircase leading up here.
Crazy Yiuf twirls on the spot.
Crazy Yiuf hits you with a +2 quarterstaff of chaos.
You feel yourself slow down.
Crazy Yiuf says, "Prologue!
Snower sallow aubergine."
Crazy Yiuf hits you with a +2 quarterstaff of chaos.
* * * LOW HITPOINT WARNING * * *
Crazy Yiuf burns you.
* * * LOW HITPOINT WARNING * * *
You see here a +0 dagger.
Crazy Yiuf says, "Lugonu sing-song action!"
You see here a -4 ring of evasion.
Crazy Yiuf hits you with a +2 quarterstaff of chaos.
You die...

####.............################
#.#.........#.................
#.#.######....################
#.......##.....<....#
####)#.###.......#####.# ##
.....#.# #..........##.# #.
##.###.###..##..)##.##.# #.
#..........####g##.##.###### #.
##....####.## #@##.##......# #.
..###.# #.# #.##.#####...## #.
......# #.# #.##.# #....# #.
.#.#..# #.#####....## #....# #.
...#..####....##.....# ♣.P.P♣ #.
.###..##...##.##.##### ♣♣...♣ #.
..##..##.####.##.# ♣♣.♣♣ #.
......##.# #.##.# ♣♣.♣ #.
..##.###.# #.##.# ♣.♣♣ #.


You could see Crazy Yiuf.

Vanquished Creatures
  An adder (D:2)
  3 giant cockroaches (D:1)
  3 goblins (D:1)
  7 hobgoblins
  4 kobolds
  A bat (D:1)
  2 frilled lizards (D:1)
  3 rats (D:2)
24 creatures vanquished.

Notes
Turn   | Place    | Note
-------+----------+-------------------------------------------
     0 | D:1      | DearestLeader the Gargoyle Earth Elementalist began the
                  | quest for the Orb.
     0 | D:1      | Reached XP level 1. HP: 10/10 MP: 3/3
   201 | D:1      | Reached skill level 4 in Earth Magic
   239 | D:1      | Reached XP level 2. HP: 12/15 MP: 0/5
  1394 | D:2      | Reached skill level 5 in Earth Magic
  1394 | D:2      | Reached XP level 3. HP: 19/19 MP: 3/6
  1943 | D:2      | Found a runed translucent door.
  1944 | D:2      | Noticed Crazy Yiuf
  2237 | D:2      | Slain by Crazy Yiuf

Illustrated notes

Levels and vault maps discovered:
D:1:      dpeg_arrival_more_subterranean_lakeside_camping, layout_loops_corners,
          chequers_serial_rivers_marsh
D:2:      layout_loops_ring, uniq_crazy_yiuf_cottage

Skill      XL: |  1  2 |
---------------+-------+-----
Earth Magic    | 4 5 |  5.2
Dodging        | |  1.5
Stealth        | |  2.1
Spellcasting   | |  2.0
Transmutations | |  0.7

Action                   || total
-------------------------++-------
Melee: Unarmed           ||    25
       Dagger            ||    73
 Cast: Sandblast         ||    12
  Use: Scroll            ||     2
 Stab: Sleeping          ||     5
  Eat: Chunk             ||     1
       Ration            ||     1
Armor: Robe              ||    21
Dodge: Dodged            ||    47
